 Dungeon Crawl Stone Soup version 0.30-a0-760-g5a9884bb7c (webtiles) character file.

Game seed: 4107796324172370410

91 sircluck the Ruffian (level 4, 0/44 HPs)
             Began as a Troll Fighter on Feb 9, 2023.
             Slain by an orc
             ... wielding a +2 hand axe of electrocution
              (13 damage)
             ... on level 3 of the Dungeon on Feb 10, 2023.
             The game lasted 00:02:58 (1373 turns).

sircluck the Ruffian (Troll Fighter)                Turns: 1373, Time: 00:02:59

Health: 0/44       AC:  4    Str: 26    XL:     4   Next: 33%
Magic:  3/3        EV:  8    Int:  4    God:
Gold:   67         SH:  7    Dex:  9    Spells: 3/3 levels left

rFire   . . .      SeeInvis .      - Unarmed
rCold   . . .      Faith    .    b - +0 kite shield
rNeg    . . .      Spirit   .    a - +0 robe
rPois   .          Reflect  .    (helmet restricted)
rElec   .          Harm     .    (no cloak)
rCorr   .          Rampage  .    (gloves unavailable)
Will    .....                    (boots unavailable)
Stlth   +                        (no amulet)
HPRegen 1.07/turn                (no ring)
MPRegen 0.08/turn                (no ring)

@: no status effects
A: large, unfitting armour, claws 3, regeneration 1, shaggy fur 1, tough skin 1
a: no special abilities


You were on level 3 of the Dungeon.
You visited 1 branch of the dungeon, and saw 3 of its levels.

You collected 67 gold pieces.

Inventory:

Armour
 a - a +0 robe (worn)
 b - a +0 kite shield (worn)
Jewellery
 n - a ring of ice
Scrolls
 c - 4 scrolls of poison {unknown}
 d - 4 scrolls of teleportation {unknown}
 g - a scroll of identify {unknown}
 l - a scroll of fear {unknown}
Potions
 e - a potion of brilliance {unknown}
 f - a potion of invisibility {unknown}
 h - a potion of curing
 i - a potion of attraction {unknown}
 j - a potion of resistance {unknown}
 k - a potion of magic {unknown}
 m - a potion of haste {unknown}


   Skills:
 + Level 2.8 Fighting
 + Level 3.0 Dodging
 + Level 3.1 Shields
 + Level 3.2 Unarmed Combat


You had 3 spell levels left.
You didn't know any spells.
Your spell library contained the following spells:

 Spells                   Type           Power      Damage    Failure   Level
 Beastly Appendage        Tmut           0%         N/A       80%         1
 Cigotuvi's Dreadful Rot  Necr/Pois/Air  0%         N/A       90%         2
 Poisonous Vapours        Pois/Air       0%         N/A       90%         2
 Wereblood                Tmut           0%         N/A       90%         2
 Mephitic Cloud           Conj/Pois/Air  0%         N/A       99%         3
 Spider Form              Tmut/Pois      0%         N/A       99%         3


Dungeon Overview and Level Annotations

Branches:
Dungeon (3/15)

Altars:
Ru


Innate Abilities, Weirdness & Mutations

You are too large for most types of armour.
You have claws for hands.
Your natural rate of healing is unusually fast.
You are covered in fur. (AC +1)
You have tough skin. (AC +1)


Message History

You are too injured to fight recklessly!
You are too injured to fight recklessly!
You are too injured to fight recklessly!
You are too injured to fight recklessly!
You are too injured to fight recklessly!
You are too injured to fight recklessly!
You are too injured to fight recklessly!
You are too injured to fight recklessly!
You are too injured to fight recklessly!
You are too injured to fight recklessly!
You are too injured to fight recklessly!
You are too injured to fight recklessly!
You are too injured to fight recklessly!
You are too injured to fight recklessly!
You are too injured to fight recklessly!
You are too injured to fight recklessly!
You are too injured to fight recklessly!
You are too injured to fight recklessly!
You are too injured to fight recklessly!
You closely miss the orc. The orc closely misses you. x2
The orc hits you with a +0 hand axe.
You scratch the orc.
The orc is severely wounded.
You block the orc's attack. The orc closely misses you.
You block the orc's attack.
You claw the orc!
You kill the orc!
The orc barely misses you. x2
You claw the ball python!
You kill the ball python!
You block the orc's attack.
The orc hits you with a +2 hand axe of electrocution.
The orc hits you with a +0 hand axe.
* * * LOW HITPOINT WARNING * * *
You block the orc's attack.
Things that are here:
a +0 short sword; a +0 leather armour You block the orc's attack.
The orc hits you but does no damage.
You are electrocuted!
You die...

#..........
#..........
#..........
+..........
#####..........
...........$...
...............
.......@.......
......o)o......
#######'##.....
#.....# ....
#.....#.....##.......
#.....#.....++.......
#.....#.....##.....$.
#.....#.....##.......
#.....#.....##......


You could see 2 orcs.

Vanquished Creatures
  Terence (D:2)
  An adder (D:3)
  A worm (D:3)
  A dart slug (D:1)
  An orc (D:3)
  5 ball pythons
  7 bats
  7 endoplasms
  A giant cockroach (D:1)
  3 goblins (D:1)
  2 hobgoblins (D:1)
  3 jackals (D:1)
  A quokka (D:1)
  4 frilled lizards
  4 kobolds
  3 rats (D:1)
45 creatures vanquished.

Notes
Turn   | Place    | Note
-------+----------+-------------------------------------------
     0 | D:1      | sircluck the Troll Fighter began the quest for the Orb.
     0 | D:1      | Reached XP level 1. HP: 22/22 MP: 0/0
    90 | D:1      | Reached XP level 2. HP: 29/29 MP: 1/1
    90 | D:1      | Upgraded the game from 0.30-a0-757-ga6a79fd877 to
                  | 0.30-a0-760-g5a9884bb7c
   358 | D:1      | Reached XP level 3. HP: 36/36 MP: 2/2
   681 | D:2      | Noticed Terence
   681 | D:2      | Found a sacrificial altar of Ru.
   925 | D:2      | Killed Terence
   927 | D:2      | Reached XP level 4. HP: 38/44 MP: 3/3
  1373 | D:3      | Slain by an orc

Illustrated notes

Levels and vault maps discovered:
D:1:      dpeg_arrival_rooms_c, layout_loops_ring
D:2:      layout_loops_ring, basic_altar, uniq_terence
D:3:      layout_basic, nicolae_ru_great_annihilating_truth,
          kennysheep_generic_room_9, uniq_ijyb

Skill      XL: |  1  2  3  4 |
---------------+-------------+-----
Shields        | 3 |  3.1
Unarmed Combat | 3 |  3.2
Dodging        | 3 |  3.0
Fighting       | |  2.8

Action                     |  1- 3 |  4- 6 || total
---------------------------+-------+-------++-------
  Melee: Unarmed           |    80 |    30 ||   110
    Use: Potion            |     3 |       ||     3
   Stab: Sleeping          |     1 |       ||     1
 Armour: Robe              |    36 |    13 ||    49
  Dodge: Dodged            |    19 |    19 ||    38
  Block: Kite shield       |    33 |    33 ||    66

Table legend: (Time is in decaauts)
 A = Elapsed time spent in this place.
 B = Non-inter-level travel time spent in this place.
 C = Inter-level travel time spent in this place.
 D = Time resting spent in this place.
 E = Time spent auto-exploring this place.
 F = Levels seen in this place.
 G = Mean time per level.
                   A        B        C        D        E       F      G
               +--------+--------+--------+--------+--------+-----+--------+
         Total |   1383 |   1266 |    117 |      0 |    812 |   3 |  461.0 |
       Dungeon |   1383 |   1266 |    117 |      0 |    812 |   3 |  461.0 |
               +--------+--------+--------+--------+--------+-----+--------+

Top non-repeatable levels by time:
     D:1: 788 daAuts
     D:2: 504 daAuts
     D:3: 90 daAuts
